 Dungeon Crawl Stone Soup version 0.27-a0-1200-g94dc6ad4cf (webtiles) character file.

Game seed: 17983731412087330679

106861 bjtr the Fighter (level 16, -8/131 HPs)
             Began as a Gnoll Arcane Marksman on May 30, 2021.
             Was a High Priest of Vehumet.
             Mangled by Donald
             ... wielding a +2 scimitar of flaming
              (32 damage)
             ... on level 2 of the Orcish Mines on May 31, 2021.
             The game lasted 03:26:41 (30633 turns).

bjtr the Fighter (Gnoll Arcane Marksman)           Turns: 30633, Time: 03:26:42

Health: -8/131     AC: 29    Str: 10    XL:     16   Next: 45%
Magic:  31/31      EV: 15    Int: 15    God:    Vehumet [*****.]
Gold:   3542       SH:  0    Dex: 14    Spells: 6/37 levels left

rFire    + . .     SeeInvis .   a - +9 broad axe of Conscience {drain, +Blink rElec Int-3}
rCold    + . .     Faith    .   L - +1 kite shield {AC+3}
rNeg     + . .     Spirit   .   y - +1 pearl dragon scales
rPois    +         Reflect  +   W - +1 helmet
rElec    +         Harm     .   A - scarf {rC+ rF+}
rCorr    .         Rampage  .   c - +3 pair of gauntlets of War {Slay+5}
Will     +....                  (no boots)
Stlth    ..........             E - amulet of reflection
HPRegen  0.31/turn              z - +4 ring of evasion
MPRegen  0.22/turn              J - +4 ring of protection

@: confused, ambrosia-drunk, hasted, studying 3 skills, very quick
A: fangs 1, strong nose, distributed training, deterioration 1, poison
resistance
a: Renounce Religion, Evoke Blink


You were on level 2 of the Orcish Mines.
You worshipped Vehumet.
Vehumet was extremely pleased with you.
You visited 4 branches of the dungeon, and saw 24 of its levels.
You also visited: Sewer, Bailey, Gauntlet and Ice Cave.

You collected 3749 gold pieces.
You spent 207 gold pieces at shops.

Inventory:

Hand Weapons
 a - the +9 broad axe of Conscience (weapon) {drain, +Blink rElec Int-3}
   (You bought it in a shop on level 7 of the Dungeon)

   A truly terrible weapon, it drains the life of those it strikes.
   It affects your intelligence (-3).
   It insulates you from electricity.
   It lets you blink.
 b - the +10 rapier of Divine Tenacity {speed, +Rage rElec}
   (You found it on level 13 of the Dungeon)

   Attacks with this weapon are significantly faster.
   It insulates you from electricity.
   It lets you go berserk.
 p - a +8 hand crossbow of flaming
 x - the +8 short sword of Distant Worlds {venom, Will- Int+6 SInv}
   (You found it on level 4 of the Lair of Beasts)

   It poisons the flesh of those it strikes.
   It affects your intelligence (+6).
   It lets you see invisible.
   It decreases your willpower.
 B - a +4 scimitar of flaming
Missiles
 d - 184 bolts
 q - 16 atropa-tipped darts
 u - 2 boomerangs of dispersal
 I - 25 javelins (quivered)
Armour
 c - the +3 pair of gauntlets of War (worn) {Slay+5}
   (You found it in a Gauntlet)

   It affects your accuracy and damage with ranged weapons and melee attacks
   (+5).
 j - a +1 scale mail of willpower
 y - +1 pearl dragon scales (worn)
 A - a scarf of resistance (worn)
 L - a +1 kite shield of protection (worn)
 P - a +2 cloak
 S - +0 fire dragon scales
 W - a +1 helmet (worn)
Jewellery
 e - a ring of flight
 h - an amulet of guardian spirit
 z - a +4 ring of evasion (left hand)
 D - a ring of wizardry
 E - an amulet of reflection (around neck)
 J - a +4 ring of protection (right hand)
 K - a ring of willpower
 M - a ring of protection from fire
 V - a ring of protection from cold
Wands
 l - a wand of charming (14)
 n - a wand of digging (3)
 r - a wand of flame (47)
 s - a wand of acid (27)
 G - a wand of paralysis (51)
 N - a wand of polymorph (5)
 O - a wand of iceblast (20)
Scrolls
 i - 5 scrolls of fear
 o - 10 scrolls of teleportation
 R - a scroll of silence
 U - a scroll of amnesia
 Z - a scroll of fog
Potions
 f - 2 potions of haste
 k - 7 potions of curing
 m - 4 potions of might
 t - 2 potions of brilliance {unknown}
 v - a potion of berserk rage {unknown}
 w - 3 potions of flight
 C - 2 potions of ambrosia
 F - 2 potions of magic
 T - a potion of experience {unknown}
Miscellaneous
 g - a phial of floods
 H - a box of beasts
 X - a tin of tremorstones (2/2)


   Skills:
 + Level 13.5 Fighting
 + Level 10.8 Short Blades
 + Level 10.8 Long Blades
 + Level 10.8 Axes
 + Level 10.8 Maces & Flails
 + Level 10.8 Polearms
 + Level 10.8 Staves
 + Level 10.8 Slings
 + Level 10.8 Bows
 + Level 13.3 Crossbows
 + Level 10.8 Throwing
 + Level 10.8 Armour
 + Level 11.6 Dodging
 + Level 10.8 Stealth
 + Level 13.3 Shields
 + Level 10.8 Unarmed Combat
 + Level 11.1 Spellcasting
 + Level 9.2 Conjurations
 + Level 10.6 Hexes
 + Level 9.2 Summonings
 + Level 9.2 Necromancy
 + Level 9.2 Translocations
 + Level 9.2 Transmutations
 + Level 9.2 Fire Magic
 + Level 9.2 Ice Magic
 + Level 9.2 Air Magic
 + Level 9.2 Earth Magic
 + Level 9.2 Poison Magic
 + Level 11.7 Invocations
 + Level 10.8 Evocations


You had 6 spell levels left.
You knew the following spells:

 Your Spells              Type           Power      Damage    Failure   Level
a - Foxfire               Conj/Fire      100%       2x1d9     1%          1
b - Searing Ray           Conj           72%        3d6       1%          2
c - Slow                  Hex            40%        N/A       1%          2
d - Corona                Hex            44%        N/A       1%          1
e - Cause Fear            Hex            20%        N/A       9%          4
f - Inner Flame           Hex/Fire       38%        N/A       1%          3
g - Poisonous Vapours     Pois/Air       72%        N/A       1%          2
h - Mephitic Cloud        Conj/Pois/Air  36%        N/A       1%          3
i - Bolt of Magma         Conj/Fire/Erth 18%        4d10      11%         5
j - Alistair's Intoxicat  Tmut/Pois      24%        N/A       38%         5
k - Ignite Poison         Fire/Tmut/Pois 36%        N/A       1%          3

Your spell library contained the following spells:

 Spells                   Type           Power      Damage    Failure   Level
 Lightning Bolt           Conj/Air       18%        1d32      11%         5
 Animate Skeleton         Necr           72%        N/A       1%          1
 Apportation              Tloc           72%        N/A       1%          1
 Beastly Appendage        Tmut           72%        N/A       1%          1
 Pain                     Necr           100%       1d9       1%          1
 Summon Small Mammal      Summ           100%       N/A       1%          1
 Conjure Flame            Conj/Fire      36%        6-21      1%          3
 Stone Arrow              Conj/Erth      72%        3d11      1%          3
 Call Imp                 Summ           36%        N/A       2%          2
 Corpse Rot               Necr/Air       N/A        N/A       2%          2
 Passwall                 Tmut/Erth      30%        N/A       2%          2
 Wereblood                Tmut           36%        N/A       2%          2
 Confusing Touch          Hex            40%        N/A       2%          3
 Tukima's Dance           Hex            40%        N/A       2%          3
 Portal Projectile        Hex/Tloc       76%        N/A       3%          3
 Summon Guardian Golem    Hex/Summ       38%        N/A       3%          3
 Call Canine Familiar     Summ           36%        N/A       4%          3
 Gell's Gravitas          Tloc           18%        N/A       4%          3
 Lesser Beckoning         Tloc           18%        N/A       4%          3
 Spider Form              Tmut/Pois      18%        N/A       4%          3
 Swiftness                Air            36%        N/A       4%          3
 Teleport Other           Tloc           36%        N/A       4%          3
 Vampiric Draining        Necr           18%        2d8       4%          3
 Sticky Flame             Conj/Fire      36%        2d6       4%          4
 Yara's Violent Unravell  Hex/Tmut       19%        3d9       9%          5
 Fireball                 Conj/Fire      18%        3d9       11%         5
 Lee's Rapid Deconstruct  Erth           18%        3d12*     11%         5
 Leda's Liquefaction      Hex/Erth       19%        N/A       12%         4
 Animate Dead             Necr           18%        N/A       16%         4
 Ice Form                 Ice/Tmut       36%        N/A       16%         4
 Passage of Golubria      Tloc           N/A        N/A       16%         4
 Petrify                  Tmut/Erth      36%        N/A       16%         4
 Summon Ice Beast         Ice/Summ       36%        N/A       16%         4
 Summon Lightning Spire   Summ/Air       36%        N/A       16%         4
 Metabolic Englaciation   Hex/Ice        19%        N/A       32%         5
 Agony                    Necr           36%        N/A       38%         5
 Borgnjor's Vile Clutch   Necr/Erth      18%        N/A       38%         5
 Hydra Form               Tmut           18%        N/A       38%         5
 Manifold Assault         Tloc           36%        N/A       38%         5
 Summon Forest            Summ/Tloc      18%        N/A       38%         5
 Eringya's Noxious Bog    Tmut/Pois      18%        N/A       50%         6
 Freezing Cloud           Conj/Ice/Air   18%        6-21      50%         6
 Starburst                Conj/Fire      18%        8x6d7     50%         6
 Invisibility             Hex            40%        N/A       78%         6
 Death Channel            Necr           18%        N/A       93%         6
 Dispersal                Tloc           18%        N/A       93%         6
 Simulacrum               Ice/Necr       18%        N/A       93%         6
 Summon Hydra             Summ           18%        N/A       100%        7
 Disjunction              Tloc           18%        N/A       100%        8
 Ignition                 Fire           18%        3d7       100%        8


Dungeon Overview and Level Annotations

Branches:
Dungeon (15/15)            Temple (1/1) D:4            Lair (6/6) D:11
  Swamp (0/4) Lair:3        Snake (0/4) Lair:2        Slime (0/5) Lair:6
    Orc (1/2) D:11         Vaults (0/5) D:14         Depths (0/5) D:15
  Sewer (visited)          Bailey (visited)           IceCv (visited)
Gauntlet (visited)

Altars:
Cheibriados
Elyvilon
Fedhas
Gozag
Hepliaklqana
Kikubaaqudgha
Makhleb
Nemelex Xobeh
Okawaru
Qazlal
Ru
Sif Muna
Trog
Uskayaw
Vehumet
Wu Jian
Xom
Yredelemnul
Zin
The Shining One
Beogh

Shops:
D:2 (   D:7 (   D:15 *   Orc:1 [   Orc:2 !

Portals:
Trove: D:13 (give 8 scrolls of fog)

Annotations:
Orc:2 Donald


Innate Abilities, Weirdness & Mutations

You have very sharp teeth.
Your uncanny sense of smell can sniff out nearby items.
Your experience applies equally to all skills.
Your body sometimes deteriorates upon taking damage.
Your system is resistant to poisons. (rPois)


Message History

You feel invigorated.
The orc wizard hits you but does no damage.
Donald says, "Orcs smell really bad.
Yuck."
Donald closely misses you.
You slash the orc wizard!
You kill the orc wizard!
Vehumet accepts your kill.
You barely miss something. You slash the orc wizard! You miss the orc sorcerer.
You closely miss something. You slash the orc sorcerer!
You drain the orc sorcerer. Donald blocks your attack. Donald misses you.
The orc sorcerer hits you but does no damage.
Something hits you but does no damage. x2; The orc closely misses you.
The orc wizard hits you but does no damage.
The orc sorcerer hits you but does no damage.
An orc sorcerer comes into view. It is wielding a +2 dagger of venom.
Unknown command.
Unknown command.
Unknown command.
The orc sorcerer hits you but does no damage.
The orc wizard hits you but does no damage.
The orc sorcerer casts a spell.
Donald says, "What kind of god gives you spells but not spellbooks?"
Something hits you but does no damage. The orc closely misses you.
Unknown command.
You're too confused to move!
Donald hits you with a +2 scimitar of flaming!
* * * LOW HITPOINT WARNING * * *
Donald burns you.
* * * LOW HITPOINT WARNING * * *
The orc wizard barely misses you.
The orc sorcerer mumbles some strange words.
Unknown command.
Unknown command.
Unknown command.
The orc wizard casts a spell at itself.
The orc wizard flickers and vanishes!
Unknown command.
Donald says, "The air in here stinks.
I hate that."
Donald hits you with a +2 scimitar of flaming!!
You die...

#...##§§.#
#8.o.≈≈..#
#...3....##
#≈≈≈..)...##
#####..o...##
#.{{o...##
#..o.o8.≈#
+..@..#.≈#
#...@_#≈≈#
+..8### ##
##... ##≈≈≈
#####


You could see Donald (fast, strong), a sun demon (summoned), 3 orc sorcerers and
2 orcs.

Vanquished Creatures
  Rupert (Lair:3)
  Gastronok (Lair:3)
  A frost giant (IceCv)
  Nessos (Lair:6)
  A minotaur (Gauntlet)
  A fire dragon (Lair:6)
  A great orb of eyes (D:15)
  4 vault guards (D:14)
  13 hydras
  Harold (D:11)
  2 boulder beetles
  3 ogre magi
  3 centaur warriors
  9 two-headed ogres
  A tengu warrior (D:14)
  A hell hog (Gauntlet)
  A death yak (IceCv)
  Urug (Lair:1)
  A wizard (D:15)
  3 lindwurms
  Pikel (D:7)
  A deep elf pyromancer (D:14)
  An orc knight (D:15)
  2 oklob plants
  A manticore (D:13)
  17 ugly things
  An orc sorcerer (Orc:1)
  6 cyclopes
  A salamander (D:15)
  6 elephants (Lair:4)
  2 black mambas
  An ice statue (IceCv)
  An apocalypse crab (Gauntlet)
  An elephant (shapeshifter) (D:15)
  11 cane toads
  Joseph (D:8)
  Maurice (D:13)
  2 gargoyles
  An unseen horror (D:13)
  2 rime drakes
  3 efreet
  6 torpor snails
  14 komodo dragons
  2 kobold demonologists (D:10)
  A tengu conjurer (D:14)
  5 yaktaurs (D:15)
  Psyche (D:9)
  3 meliai (D:13)
  2 trolls
  A meliai zombie (D:10)
  11 hornets
  13 polar bears (IceCv)
  5 tyrant leeches
  A hornet (shapeshifter) (D:14)
  3 blink frogs (Lair:5)
  29 slime creatures
  A shadow (D:10)
  2 water elementals (D:13)
  4 wyverns
  4 vampires
  12 spriggans (Lair:3)
  3 basilisks
  3 fire bats (Gauntlet)
  64 yaks
  3 wraiths
  Grum (D:11)
  Menkaure (D:7)
  A naga (Lair:2)
  10 vampire mosquitoes
  2 wargs (Orc:1)
  A swamp worm (Lair:3)
  An acid dragon (D:8)
  13 water moccasins
  Purgy (Sewer)
  19 orc warriors
  2 black bears (Lair:2)
  A hornet zombie (D:7)
  3 hell hounds (Gauntlet)
  12 ice beasts
  6 ogres
  44 wolves
  8 boggarts
  16 centaurs
  4 lemures (D:7)
  3 kobold brigands
  9 bullfrogs
  3 gnoll sergeants
  2 scorpions
  A water moccasin zombie (D:5)
  6 killer bees (D:9)
  A howler monkey (D:6)
  4 electric eels
  A bullfrog zombie (D:5)
  10 centaur zombies
  A gnoll shaman (D:8)
  2 hounds (D:5)
  2 bullfrog skeletons
  3 jellies (Lair:6)
  Crazy Yiuf (D:2)
  2 iguanas
  11 orc priests
  3 centaur skeletons
  27 orc wizards
  2 howler monkey zombies (D:9)
  20 gnolls
  A howler monkey skeleton (D:5)
  8 adders
  A river rat (D:3)
  A shadow imp (D:6)
  3 white imps (D:7)
  2 worms (D:3)
  2 dart slugs
  69 orcs
  12 endoplasms
  3 giant cockroaches
  5 goblins
  9 hobgoblins
  19 jackals
  15 kobolds
  2 quokkas
  8 ball pythons
  8 bats
  5 frilled lizards
  7 rats
746 creatures vanquished.

Vanquished Creatures (others)
  A polar bear (IceCv)
  51 foxfires
  11 fungi
  13 plants
76 creatures vanquished.

Grand Total: 822 creatures vanquished

Notes
Turn   | Place    | Note
-------+----------+-------------------------------------------
     0 | D:1      | bjtr the Gnoll Arcane Marksman began the quest for the Orb.
     0 | D:1      | Reached XP level 1. HP: 17/17 MP: 4/4
   125 | D:1      | Reached XP level 2. HP: 20/23 MP: 5/5
   904 | D:1      | Reached XP level 3. HP: 28/28 MP: 7/7
  1039 | D:1      | Learned a level 2 spell: Slow
  1589 | D:2      | Found Cerum's Weapon Boutique.
  1594 | D:2      | Reached skill level 1 in Invocations
  1840 | D:2      | Found a runed translucent door.
  1841 | D:2      | Noticed Crazy Yiuf
  2188 | D:2      | Killed Crazy Yiuf
  2189 | D:2      | Reached skill level 1 in Short Blades
  2189 | D:2      | Reached skill level 1 in Long Blades
  2189 | D:2      | Reached skill level 1 in Axes
  2189 | D:2      | Reached skill level 1 in Maces & Flails
  2189 | D:2      | Reached skill level 1 in Polearms
  2189 | D:2      | Reached skill level 1 in Staves
  2189 | D:2      | Reached skill level 1 in Slings
  2189 | D:2      | Reached skill level 1 in Bows
  2189 | D:2      | Reached skill level 1 in Throwing
  2189 | D:2      | Reached skill level 1 in Armour
  2189 | D:2      | Reached skill level 1 in Stealth
  2189 | D:2      | Reached skill level 1 in Shields
  2189 | D:2      | Reached skill level 1 in Unarmed Combat
  2189 | D:2      | Reached skill level 1 in Evocations
  2189 | D:2      | Reached XP level 4. HP: 8/34 MP: 6/8
  2742 | D:3      | HP: 1/34 [poisoned by an adder]
  3051 | D:3      | Reached skill level 1 in Conjurations
  3051 | D:3      | Reached skill level 1 in Summonings
  3051 | D:3      | Reached skill level 1 in Necromancy
  3051 | D:3      | Reached skill level 1 in Translocations
  3051 | D:3      | Reached skill level 1 in Transmutations
  3051 | D:3      | Reached skill level 1 in Fire Magic
  3051 | D:3      | Reached skill level 1 in Ice Magic
  3051 | D:3      | Reached skill level 1 in Air Magic
  3051 | D:3      | Reached skill level 1 in Earth Magic
  3051 | D:3      | Reached skill level 1 in Poison Magic
  3055 | D:3      | Gained mutation: Your system is resistant to poisons.
                  | (rPois) [potion of mutation]
  3334 | D:3      | Found a glowing drain.
  3353 | D:3      | Reached XP level 5. HP: 37/40 MP: 9/9
  3363 | Sewer    | Entered a sewer
  3463 | Sewer    | Noticed Purgy
  3491 | Sewer    | Killed Purgy
  3838 | D:3      | Reached XP level 6. HP: 47/47 MP: 10/10
  4001 | D:3      | Found a faded altar of an unknown god.
  4311 | D:3      | Reached skill level 5 in Crossbows
  4311 | D:3      | Reached skill level 5 in Dodging
  4837 | D:4      | Found a staircase to the Ecumenical Temple.
  4872 | Temple   | Entered the Ecumenical Temple
  4899 | Temple   | Became a worshipper of Vehumet
  5009 | D:4      | Found a white marble altar of Elyvilon.
  5013 | D:4      | Found a bloodstained altar of Trog.
  5029 | D:4      | Reached XP level 7. HP: 49/52 MP: 12/12
  5356 | D:5      | Entered Level 5 of the Dungeon
  5469 | D:5      | Learned a level 3 spell: Inner Flame
  5662 | D:5      | Found a faded altar of an unknown god.
  5662 | D:5      | Found a faded altar of an unknown god.
  5662 | D:5      | Found a hazy altar of Hepliaklqana.
  5664 | D:5      | Found a faded altar of an unknown god.
  5706 | D:5      | Identified a scroll of acquirement
  5706 | D:5      | Acquired 1254 gold pieces
  5759 | D:5      | Reached XP level 8. HP: 60/60 MP: 14/14
  5822 | D:5      | Found a sacrificial altar of Ru.
  5917 | D:5      | Reached * piety under Vehumet
  5917 | D:5      | Offered knowledge of Foxfire by Vehumet.
  5920 | D:5      | Learned a level 1 spell: Foxfire
  6463 | D:6      | Found a hide-covered altar of Uskayaw.
  6463 | D:6      | Found an opulent altar of Gozag.
  6471 | D:6      | Found a faded altar of an unknown god.
  6473 | D:6      | Found a shimmering blue altar of Sif Muna.
  6475 | D:6      | Found a faded altar of an unknown god.
  6538 | D:6      | Found a stormy altar of Qazlal.
  6540 | D:6      | Noticed a water elemental
  6542 | D:6      | Noticed an air elemental
  6567 | D:6      | Learned a level 4 spell: Cause Fear
  7134 | D:6      | Noticed a seven-headed hydra
  7170 | D:6      | HP: 3/61 [seven-headed hydra (4)]
  7175 | D:6      | Killed a seven-headed hydra
  7176 | D:6      | Reached skill level 5 in Fighting
  7176 | D:6      | Reached skill level 5 in Spellcasting
  7176 | D:6      | Reached XP level 9. HP: 8/68 MP: 11/16
  7764 | D:7      | Found Giann's Antique Weapon Boutique.
  7771 | D:7      | Bought a translucent broad axe for 207 gold pieces
  7771 | D:7      | Identified the +9 broad axe of Conscience {drain, +Blink
                  | rElec Int-3} (You bought it in a shop on level 7 of the
                  | Dungeon)
  7795 | D:7      | Noticed Pikel
  7816 | D:7      | Killed Pikel
  7817 | D:7      | Reached skill level 5 in Invocations
  7968 | D:7      | Reached XP level 10. HP: 74/74 MP: 16/18
  8032 | D:7      | Noticed Menkaure
  8143 | D:7      | Killed Menkaure
  8324 | D:7      | Found a shimmering altar of Xom.
  8342 | D:7      | Reached skill level 5 in Short Blades
  8342 | D:7      | Reached skill level 5 in Long Blades
  8342 | D:7      | Reached skill level 5 in Axes
  8342 | D:7      | Reached skill level 5 in Maces & Flails
  8342 | D:7      | Reached skill level 5 in Polearms
  8342 | D:7      | Reached skill level 5 in Staves
  8342 | D:7      | Reached skill level 5 in Slings
  8342 | D:7      | Reached skill level 5 in Bows
  8342 | D:7      | Reached skill level 5 in Throwing
  8342 | D:7      | Reached skill level 5 in Armour
  8342 | D:7      | Reached skill level 5 in Stealth
  8342 | D:7      | Reached skill level 5 in Shields
  8342 | D:7      | Reached skill level 5 in Unarmed Combat
  8342 | D:7      | Reached skill level 5 in Evocations
  8541 | D:8      | Found an ornate altar of the Wu Jian Council.
  8599 | D:8      | Noticed Joseph
  8616 | D:8      | Killed Joseph
  8745 | D:8      | Reached ** piety under Vehumet
  8745 | D:8      | Offered knowledge of Searing Ray by Vehumet.
  8761 | D:8      | Learned a level 2 spell: Searing Ray
  8885 | D:8      | Noticed a two-headed ogre
  8893 | D:8      | Killed a two-headed ogre
  8929 | D:8      | Found a glowing silver altar of Zin.
  9343 | D:8      | Found a sparkling altar of Nemelex Xobeh.
  9587 | D:9      | Learned a level 2 spell: Poisonous Vapours
  9591 | D:9      | Learned a level 3 spell: Mephitic Cloud
  9633 | D:9      | Noticed Psyche
  9713 | D:9      | Killed Psyche
  9714 | D:9      | Reached XP level 11. HP: 83/83 MP: 12/20
  9849 | D:9      | Offered knowledge of Ignite Poison by Vehumet.
  9850 | D:9      | Found a basalt altar of Yredelemnul.
 10032 | D:9      | Reached skill level 5 in Conjurations
 10032 | D:9      | Reached skill level 5 in Summonings
 10032 | D:9      | Reached skill level 5 in Necromancy
 10032 | D:9      | Reached skill level 5 in Translocations
 10032 | D:9      | Reached skill level 5 in Transmutations
 10032 | D:9      | Reached skill level 5 in Fire Magic
 10032 | D:9      | Reached skill level 5 in Ice Magic
 10032 | D:9      | Reached skill level 5 in Air Magic
 10032 | D:9      | Reached skill level 5 in Earth Magic
 10032 | D:9      | Reached skill level 5 in Poison Magic
 10116 | D:9      | Reached *** piety under Vehumet
 10304 | D:10     | Entered Level 10 of the Dungeon
 10452 | D:10     | Noticed an ogre mage
 10452 | D:10     | Noticed a cyclops
 10453 | D:10     | Noticed an ogre mage
 10522 | D:10     | Killed an ogre mage
 10544 | D:10     | Killed a cyclops
 10549 | D:10     | Offered knowledge of Frozen Ramparts by Vehumet.
 10585 | D:10     | Found a flagged portal.
 10623 | Bailey   | Entered a bailey
 10871 | Bailey   | Reached **** piety under Vehumet
 10952 | Bailey   | Offered knowledge of Bolt of Magma by Vehumet.
 10961 | Bailey   | Learned a level 5 spell: Bolt of Magma
 11467 | D:10     | Reached XP level 12. HP: 91/91 MP: 23/23
 11534 | D:10     | Paralysed by an ogre mage for 3 turns
 11548 | D:10     | Killed an ogre mage
 12112 | D:11     | Found a staircase to the Orcish Mines.
 12180 | D:11     | Noticed Harold
 12208 | D:11     | Killed Harold
 12321 | D:11     | Noticed a two-headed ogre
 12329 | D:11     | Killed a two-headed ogre
 12330 | D:11     | Noticed Grum
 12352 | D:11     | Killed Grum
 12470 | D:11     | Noticed a two-headed ogre
 12477 | D:11     | Killed a two-headed ogre
 12708 | D:11     | Found a staircase to the Lair.
 13434 | D:12     | Noticed a centaur warrior
 13434 | D:12     | Noticed a four-headed hydra
 13443 | D:12     | Noticed a two-headed ogre
 13981 | D:13     | Reached XP level 13. HP: 101/101 MP: 25/25
 13998 | D:13     | Learned a level 5 spell: Alistair's Intoxication
 14025 | D:13     | Reached ***** piety under Vehumet
 14068 | D:13     | Offered knowledge of Ozocubu's Refrigeration by Vehumet.
 14125 | D:13     | Noticed Maurice
 14129 | D:13     | Killed Maurice
 14217 | D:13     | Identified the +10 rapier of Divine Tenacity {speed, +Rage
                  | rElec}
 14223 | D:13     | Found a portal to a secret trove of treasure.
 14894 | Lair:1   | Entered Level 1 of the Lair of Beasts
 15125 | Lair:1   | Found a frozen archway.
 15172 | IceCv    | Entered an ice cave
 15270 | IceCv    | Reached skill level 10 in Fighting
 15535 | IceCv    | Noticed a frost giant
 15565 | IceCv    | Killed a frost giant
 15566 | IceCv    | Reached skill level 10 in Crossbows
 15566 | IceCv    | Reached skill level 10 in Shields
 15939 | IceCv    | Identified the +0 scale mail of Inviolability {Int+3}
 16437 | Lair:1   | Reached XP level 14. HP: 111/111 MP: 27/27
 16471 | Lair:1   | Reached skill level 10 in Dodging
 16499 | Lair:1   | Acquired an amulet of reflection
 16679 | Lair:1   | Noticed Urug
 16698 | Lair:1   | Killed Urug
 17007 | Lair:2   | Found a gate leading to a gauntlet.
 17025 | Lair:2   | Offered knowledge of Starburst by Vehumet.
 17042 | Gauntlet | Entered a Gauntlet
 17042 | Gauntlet | Found a transporter.
 17045 | Gauntlet | Found a transporter.
 17059 | Gauntlet | Found a runed translucent gate.
 17061 | Gauntlet | Found the +3 pair of gauntlets of War {Slay+5}
 17061 | Gauntlet | Found a transporter.
 17062 | Gauntlet | Found a runed translucent gate.
 17063 | Gauntlet | Found a runed translucent gate.
 17065 | Gauntlet | Found a transporter.
 17075 | Gauntlet | Found a transporter.
 17095 | Gauntlet | Found a transporter.
 17099 | Gauntlet | Found a transporter.
 17103 | Gauntlet | Found a transporter.
 17122 | Gauntlet | Noticed an entropy weaver
 17126 | Gauntlet | Found a transporter.
 17143 | Gauntlet | Found a transporter.
 17147 | Gauntlet | Found a transporter.
 17155 | Gauntlet | Found a transporter.
 17513 | Gauntlet | Identified Haceuror's Handbook of Dislocation
 17517 | Gauntlet | Identified Sif Muna's Disquisition on Cloudy Flames
 18217 | Lair:2   | Reached skill level 10 in Invocations
 18277 | Lair:2   | Found a staircase to the Snake Pit.
 18713 | Lair:2   | Learned a level 3 spell: Ignite Poison
 19788 | Lair:3   | Noticed Gastronok
 19816 | Lair:3   | Killed Gastronok
 19965 | Lair:3   | Noticed Rupert
 19993 | Lair:3   | Killed Rupert
 20182 | Lair:3   | Offered knowledge of Iskenderun's Battlesphere by Vehumet.
 20192 | Lair:3   | Reached skill level 10 in Spellcasting
 20199 | Lair:3   | Found a staircase to the Swamp.
 20737 | Lair:4   | Reached XP level 15. HP: 95/120 MP: 29/29
 21464 | Lair:4   | Identified the +8 short sword of Distant Worlds {venom,
                  | Will- Int+6 SInv}
 21700 | Lair:4   | Upgraded the game from 0.27-a0-1196-g3e9cee4cb2 to
                  | 0.27-a0-1200-g94dc6ad4cf
 21977 | Lair:5   | You fall into a shaft and drop 1 floor!
 21977 | Lair:6   | Entered Level 6 of the Lair of Beasts
 23005 | Lair:6   | Found a staircase to the Slime Pits.
 23012 | Lair:6   | Reached skill level 10 in Hexes
 23401 | Lair:6   | Reached skill level 10 in Short Blades
 23401 | Lair:6   | Reached skill level 10 in Long Blades
 23401 | Lair:6   | Reached skill level 10 in Axes
 23401 | Lair:6   | Reached skill level 10 in Maces & Flails
 23401 | Lair:6   | Reached skill level 10 in Polearms
 23401 | Lair:6   | Reached skill level 10 in Staves
 23401 | Lair:6   | Reached skill level 10 in Slings
 23401 | Lair:6   | Reached skill level 10 in Bows
 23401 | Lair:6   | Reached skill level 10 in Throwing
 23401 | Lair:6   | Reached skill level 10 in Armour
 23401 | Lair:6   | Reached skill level 10 in Stealth
 23401 | Lair:6   | Reached skill level 10 in Unarmed Combat
 23401 | Lair:6   | Reached skill level 10 in Evocations
 23406 | Lair:6   | Noticed Nessos
 23631 | Lair:6   | Killed Nessos
 23816 | Lair:6   | Found a runed translucent door.
 23907 | Lair:6   | Offered knowledge of Spellforged Servitor by Vehumet.
 27753 | D:14     | Found a gate to the Vaults.
 28391 | D:14     | Reached XP level 16. HP: 97/130 MP: 30/30
 28695 | D:15     | Entered Level 15 of the Dungeon
 28728 | D:15     | Gained mutation: Your body sometimes deteriorates upon
                  | taking damage. [mutagenic glow]
 29512 | D:15     | Offered knowledge of Lightning Bolt by Vehumet.
 29619 | D:15     | Found a staircase to the Depths.
 29802 | D:15     | Found Bogathruschui's Blood Bar.
 30344 | Orc:1    | Entered Level 1 of the Orcish Mines
 30351 | Orc:1    | Found Loarel's Armour Boutique.
 30617 | Orc:1    | You fall into a shaft and drop 1 floor!
 30617 | Orc:2    | Entered Level 2 of the Orcish Mines
 30617 | Orc:2    | Found a radiant altar of Vehumet.
 30617 | Orc:2    | Found Cilyv's Distillery.
 30618 | Orc:2    | Noticed Donald
 30619 | Orc:2    | Paralysed by an orc sorcerer for 5 turns
 30633 | Orc:2    | Mangled by Donald

Illustrated notes

Levels and vault maps discovered:
D:1:      roderic_dead_forest, layout_basic, minmay_misc_feat_roman,
          minmay_indecisive_spiral
D:2:      layout_loops_ring, serial_shops, nicolae_shop_trees,
          mrwooster_statue_mirror, uniq_crazy_yiuf_cottage
D:3:      minmay_door_path, layout_loops_ring,
          hellmonk_ecumenical_altar_heavens_door, lightli_sewer_entry_pipes
D:4:      layout_rooms, grunt_temple_overflow_open, minmay_temple_entry_junction
D:5:      layout_basic, nicolae_ru_awakened_eye,
          nicolae_hepliaklqana_ecumenical_no_more, roderic_lattice_a
D:6:      layout_rooms, chequers_temple_overflow_minitemple,
          nicolae_qazlal_style_of_elements, serial_co_window_serial,
          co_window_of_opportunity_a, co_window_paths_b, co_window_corner_a,
          co_window_paths_a, co_window_corner_a, co_window_corner_a,
          co_window_paths_a, co_window_unsneaky_path_b, co_window_corner_b,
          co_window_broadway_a, co_window_unsneaky_path_b, co_window_corner_ca,
          co_window_paths_e, co_window_paths_d, glass_columns_a,
          glass_columns_b, glass_columns_b, glass_columns_a
D:7:      layout_cave_pools, nicolae_overflow_crystal_walls, serial_shops, shop,
          uniq_menkaure, uniq_pikel
D:8:      layout_basic, zin_scriptorium, kennysheep_mini_moat,
          lemuel_tele_altar, uniq_joseph
D:9:      layout_basic, nicolae_yredelemnul_corpse_copse, uniq_psyche
D:10:     layout_gridville, enter_bailey_2, grunt_tough_drop
D:11:     layout_basic, lair_entry_dummy, hiddenorc1_lemuel,
          kb_lookout_dungeons_type, uniq_grum, uniq_harold
D:12:     layout_loops_cross
D:13:     layout_cave_pools, nicolae_trove_entry_columns, minivault_14,
          minmay_misc_feat_hallway, uniq_maurice
D:14:     layout_irregular_city, lightli_vaults_fourway_checkpoint,
          nicolae_wwwww
D:15:     hangedman_depths_entry_try_elsewhere_first, layout_basic,
          serial_aquarium, aquarium_bridge_straight [aquarium_subvault_bridge,
          aquarium_subvault_wall, aquarium_subvault_bridge,
          aquarium_subvault_wall], aquarium_bridge_square
          [aquarium_subvault_bridge, aquarium_subvault_bridge,
          aquarium_subvault_wall, aquarium_subvault_bridge],
          aquarium_window_fake, aquarium_window_corridor_1,
          aquarium_window_fake, aquarium_view_2e, aquarium_balcony_double_1,
          minmay_misc_feat_nine_boxes, guppyfry_shop_blood
Temple:   compressed_dpeg_triangle_lava_temple
Lair:1:   layout_gridlike, portal_ice_cave_entry_ice_beasts, st_stairs_12,
          minmay_lair_oklob_items, uniq_urug
Lair:2:   layout_cave_pods, guppyfry_snake_entry_garden, gauntlet_entry_generic,
          beast_lair_carwin_3
Lair:3:   kb_forest_paths, layout_regular_city, palyth_hydra_swamp_entry,
          uniq_rupert, uniq_gastronok
Lair:4:   layout_cave_pods
Lair:5:   layout_layer_cave
Lair:6:   wormcave, layout_long_grid, nicolae_slime_entry_slimehenge,
          chequers_serial_rivers_micro_e, uniq_nessos
Orc:1:    layout_caves, serial_shops, nicolae_shop_crystal, basic_altar
Orc:2:    kennysheep_orc_mage_school, layout_caves, basic_altar, uniq_donald

Skill      XL: |  1  2  3  4  5  6  7  8  9 10 11 12 13 14 15 16 |
---------------+-------------------------------------------------+-----
Invocations    | 1 2 3 4 5 6 7 8 9 10 11 | 11.7
Short Blades   | 1 2 4 5 6 7 8 9 10 | 10.8
Long Blades    | 1 2 4 5 6 7 8 9 10 | 10.8
Axes           | 1 2 4 5 6 7 8 9 10 | 10.8
Maces & Flails | 1 2 4 5 6 7 8 9 10 | 10.8
Polearms       | 1 2 4 5 6 7 8 9 10 | 10.8
Staves         | 1 2 4 5 6 7 8 9 10 | 10.8
Slings         | 1 2 4 5 6 7 8 9 10 | 10.8
Bows           | 1 2 4 5 6 7 8 9 10 | 10.8
Throwing       | 1 2 4 5 6 7 8 9 10 | 10.8
Armour         | 1 2 4 5 6 7 8 9 10 | 10.8
Stealth        | 1 2 4 5 6 7 8 9 10 | 10.8
Shields        | 1 2 4 5 6 8 10 11 12 13 | 13.3
Unarmed Combat | 1 2 4 5 6 7 8 9 10 | 10.8
Evocations     | 1 2 4 5 6 7 8 9 10 | 10.8
Spellcasting   | 3 4 5 6 7 8 9 10 11 | 11.1
Conjurations   | 1 2 3 4 5 6 7 8 9 |  9.2
Summonings     | 1 2 3 4 5 6 7 8 9 |  9.2
Necromancy     | 1 2 3 4 5 6 7 8 9 |  9.2
Translocations | 1 2 3 4 5 6 7 8 9 |  9.2
Transmutations | 1 2 3 4 5 6 7 8 9 |  9.2
Fire Magic     | 1 2 3 4 5 6 7 8 9 |  9.2
Ice Magic      | 1 2 3 4 5 6 7 8 9 |  9.2
Air Magic      | 1 2 3 4 5 6 7 8 9 |  9.2
Earth Magic    | 1 2 3 4 5 6 7 8 9 |  9.2
Poison Magic   | 1 2 3 4 5 6 7 8 9 |  9.2
Fighting       | 3 5 6 7 9 10 11 13 | 13.5
Crossbows      | 5 6 7 8 9 10 11 12 13 | 13.3
Dodging        | 5 6 7 8 9 10 11 | 11.6
Hexes          | 6 7 8 9 10 | 10.6

Action                   |  1- 3 |  4- 6 |  7- 9 | 10-12 | 13-15 | 16-18 || total
-------------------------+-------+-------+-------+-------+-------+-------++-------
Melee: Short sword       |    63 |   208 |     4 |       |       |       ||   275
       Hand crossbow     |     4 |       |       |       |       |       ||     4
       Bite              |     6 |    26 |    23 |    47 |    97 |    20 ||   219
       Hand axe          |       |    26 |       |       |       |       ||    26
       Trident           |       |    44 |   200 |       |       |       ||   244
       Broad axe         |       |       |    40 |   447 |   832 |   146 ||  1465
       Rapier            |       |       |       |       |   121 |    37 ||   158
       Scimitar          |       |       |       |       |       |     5 ||     5
 Fire: Hand crossbow     |    34 |    29 |    28 |    24 |    24 |       ||   139
 Cast: Corona            |     4 |     8 |    13 |     8 |       |     1 ||    34
       Slow              |     4 |     8 |    16 |     8 |       |       ||    36
       Inner Flame       |       |       |     4 |    15 |     6 |       ||    25
       Foxfire           |       |       |    13 |    21 |       |       ||    34
       Cause Fear        |       |       |     1 |     1 |       |       ||     2
       Searing Ray       |       |       |       |    13 |     2 |       ||    15
       Mephitic Cloud    |       |       |       |    28 |    31 |       ||    59
       Poisonous Vapours |       |       |       |     4 |    10 |       ||    14
       Bolt of Magma     |       |       |       |    20 |    36 |     2 ||    58
       Alistair's Intoxi |       |       |       |       |     5 |     1 ||     6
       Ignite Poison     |       |       |       |       |     5 |       ||     5
 Abil: Evoke Blink       |       |       |       |     1 |       |       ||     1
Evoke: Wand              |       |       |       |     1 |     1 |       ||     2
  Use: Scroll            |       |     9 |     8 |     9 |    17 |       ||    43
       Potion            |       |     4 |       |     6 |     3 |     4 ||    17
 Stab: Sleeping          |     1 |     2 |     3 |     9 |    14 |     3 ||    32
       Distracted        |       |       |     1 |       |     1 |       ||     2
       Confused          |       |       |       |     8 |    15 |       ||    23
Armor: Robe              |    18 |       |       |       |       |       ||    18
       Leather armour    |     2 |    35 |       |       |       |       ||    37
       Troll leather arm |       |    56 |    77 |   189 |   159 |       ||   481
       Pearl dragon scal |       |       |       |       |   216 |    80 ||   296
Dodge: Dodged            |    56 |   177 |   177 |   510 |   686 |    74 ||  1680
Block: Buckler           |     5 |    96 |    90 |   235 |   280 |       ||   706
       Kite shield       |       |       |       |       |   512 |   183 ||   695
       Reflection        |       |       |       |       |     7 |    14 ||    21

Table legend: (Time is in decaauts)
 A = Elapsed time spent in this place.
 B = Non-inter-level travel time spent in this place.
 C = Inter-level travel time spent in this place.
 D = Time resting spent in this place.
 E = Time spent auto-exploring this place.
 F = Levels seen in this place.
 G = Mean time per level.
                   A        B        C        D        E       F      G
               +--------+--------+--------+--------+--------+-----+--------+
         Total |  31065 |  29366 |   1699 |   5717 |  15881 |  28 | 1109.5 |
       Dungeon |  17554 |  16371 |   1183 |   2161 |   9658 |  15 | 1170.3 |
        Temple |     66 |     47 |     19 |      0 |     24 |   1 |   66.0 |
          Lair |  10388 |   9892 |    496 |   3067 |   5081 |   6 | 1731.3 |
  Orcish Mines |    288 |    288 |      0 |      0 |    155 |   2 |  144.0 |
         Sewer |    438 |    438 |      0 |    187 |     89 |   1 |  438.0 |
        Bailey |    712 |    712 |      0 |    101 |    310 |   1 |  712.0 |
      Ice Cave |   1070 |   1070 |      0 |    142 |    409 |   1 | 1070.0 |
      Gauntlet |    546 |    546 |      0 |     59 |    153 |   1 |  546.0 |
               +--------+--------+--------+--------+--------+-----+--------+

Top non-repeatable levels by time:
  Lair:3: 3911 daAuts
     D:3: 1700 daAuts
  Lair:6: 1591 daAuts
    D:15: 1546 daAuts
  Lair:5: 1490 daAuts
     D:1: 1414 daAuts
     D:6: 1332 daAuts
    D:14: 1324 daAuts
     D:2: 1234 daAuts
  Lair:2: 1232 daAuts
    D:11: 1203 daAuts
    D:10: 1181 daAuts
     D:8: 1166 daAuts
  Lair:1: 1096 daAuts
     D:5: 1085 daAuts
